 Dungeon Crawl Stone Soup version 0.25-a0-707-g603da076d2 (webtiles) character file.

Game seed: 3187742531903108562, levelgen mode: deterministic

30 sanka the Scratcher (level 3, 0/18 HPs)
             Began as a Felid Wanderer on Apr 4, 2020.
             Succumbed to an adder's poison
             ... on level 2 of the Dungeon.
             The game lasted 00:01:56 (1397 turns).

sanka the Scratcher (Felid Wanderer)                Turns: 1397, Time: 00:01:57

Health: 0/18       AC:  1    Str:  8    XL:     3   Next: 3%
Magic:  4/4        EV: 16    Int: 12    God:
Gold:   100        SH:  0    Dex: 17    Spells: 2/2 levels left
                                        Lives:  0   Deaths: 0

rFire    . . .     SeeInvis +     - Unarmed
rCold    . . .     Gourm    .   (shield unavailable)
rNeg     . . .     Faith    .   (armour unavailable)
rPois    .         Spirit   .   (helmet unavailable)
rElec    .         Reflect  .   (cloak unavailable)
rCorr    .         Harm     .   (gloves unavailable)
MR       .....                  (boots unavailable)
Stlth    ++........             (no amulet)
HPRegen  0.06/turn              (no ring)
MPRegen  0.09/turn              (no ring)

@: lethally poisoned (0 -> -17), quick
A: very small, no armour, no weapons or thrown items, stealth, claws 1, fangs 3,
see invisible, carnivore, speed 1, shaggy fur 1, slow metabolism 1, sharp paws
a: no special abilities


You were on level 2 of the Dungeon.
You were completely stuffed.

You visited 1 branch of the dungeon, and saw 2 of its levels.

You collected 100 gold pieces.


Innate Abilities, Weirdness & Mutations

You cannot wear armour.
You are incapable of wielding weapons or throwing items.
Your paws allow you to move quietly. (Stealth)
You have sharp claws.
You have razor-sharp teeth.
You have supernaturally acute eyesight. (SInv)
You are carnivorous and can eat meat at any time.
You cover ground quickly.
You are covered in fur. (AC +1)
You have a slow metabolism.
Your sharp claws are effective at attacking unaware monsters.


   Skills:
 - Level 4.0 Fighting
 - Level 1.3 Dodging
 - Level 1.3 Stealth
 + Level 4.2 Unarmed Combat
   Level 1.1 Evocations


You had 2 spell levels left.
You didn't know any spells.
Your spell library was empty.

Inventory:

Scrolls
 e - 5 scrolls of identify {unknown}
 g - a scroll of random uselessness {unknown}
 h - a scroll of magic mapping {unknown}
Potions
 a - 5 potions of heal wounds {@q2}
 b - a potion of haste {@q3}
 c - a potion of lignification {!q}
 d - a potion of curing {@q1}
 j - a potion of ambrosia {unknown}
Comestibles
 f - 2 rations
 i - a chunk of flesh

Dungeon Overview and Level Annotations

Branches:
Dungeon (2/15)

Altars:

Annotations:
D:2 exclusion: gnoll

▒.▒ ▒▒▒▒▒▒...▒
▒▒▒▒▒▒▒▒▒.▒▒▒▒........▒▒▒
..........▒▒...)......?.▒▒▒
▒▒▒▒▒▒▒▒.▒.................
▒▒.▒▒▒.(▒£▒▒.......▒▒▒
▒▒▒▒▒▒.▒▒ ▒▒.▒.▒ ▒.........
▒.....▒▒ ▒▒..▒ ▒.....▒
..▒▒▒▒.▒ ▒▒.▒.▒▒▒.....▒ ▒▒▒
▒.▒ ▒.....hSg..▒▒▒ ▒
▒.▒.▒▒▒(▒▒▒▒▒.▒ ▒▒▒▒ ▒.▒
▒..b▒ .▒ .... ▒▒▒ ▒▒▒.▒ .▒
▒▒▒▒ .▒ .▒ ▒ .▒ .... ▒▒▒▒


You could see an adder and a goblin.


Message History

The adder is moderately wounded.
The adder bites you.
You are poisoned.
The adder poisons you!
You closely miss the adder.
The adder is moderately wounded.
You feel sick. The adder bites you.
* * * LOW HITPOINT WARNING * * *
You are lethally poisoned!
The adder poisons you! The adder misses you.
Unknown command.
You scratch the adder. Your bite misses the adder.
The adder is severely wounded.
* * * LOW HITPOINT WARNING * * *
You feel sick. The adder misses you.
You miss the adder.
The adder is severely wounded.
* * * LOW HITPOINT WARNING * * *
You feel sick. The adder bites you.
* * * LOW HITPOINT WARNING * * *
You are more poisoned.
The adder poisons you!
You closely miss the adder.
The adder is severely wounded.
You die...

Action                   || total
-------------------------++-------
Melee: Unarmed           ||    64
       Bite              ||     6
       Punch             ||     1
 Stab: Distracted        ||     1
       Sleeping          ||     1
  Eat: Chunk             ||     8
Armor: Skin              ||     4
Dodge: Dodged            ||    40

Levels and vault maps discovered:
D:1:      onia_arrival_mini_spirals, layout_basic, minmay_misc_feat_pillars
D:2:      layout_loops_ring

Notes
Turn   | Place    | Note
-------+----------+-------------------------------------------
     0 | D:1      | sanka the Felid Wanderer began the quest for the Orb.
     0 | D:1      | sanka set off with the following items: a potion of heal
                  | wounds {@q2}, a potion of haste {@q3}, a potion of
                  | lignification {!q}, a potion of curing {@q1}, a ration
     0 | D:1      | Reached XP level 1. HP: 11/11 MP: 2/2
   411 | D:1      | Reached XP level 2. HP: 13/15 MP: 3/3
  1011 | D:1      | Reached skill level 4 in Unarmed Combat
  1379 | D:2      | Reached XP level 3. HP: 18/18 MP: 4/4
  1396 | D:2      | HP: 1/18 [adder (5)]
  1397 | D:2      | Succumbed to an adder's poison

Vanquished Creatures
  2 bats
  3 giant cockroaches
  5 goblins
  3 hobgoblins
  3 jackals (D:1)
  5 kobolds
  5 rats
26 creatures vanquished.
